Frizzbo, neutral female gnomish Wizard ----- |....# ##.<..|# # -----# +##### # # # # # #----- #|...| #|...| #..).| |...| #Ga%%%###########..*.| ----- Frizzbo the Thaumaturge Experience level: 6 Strength: 13 Dexterity: 7 Constitution: 17 Intelligence: 17 Wisdom: 16 Charisma: 9 Health: 0(48) Energy: 70(75) Def: 2 Gold: 326 Moves: 4130 Dungeon seed: XabfHQy_5gy0ue-8 Game ID: Frizzbo_1465948838 Your Inventory: Coins $ - 326 gold pieces Amulets i - an uncursed amulet of ESP Weapons w - the uncursed rustproof +0 Magicbane (weapon in hand) Armor e - an uncursed +0 cloak of magic resistance (being worn) n - an uncursed +0 orcish helm (being worn) q - an uncursed +0 cloak of displacement Comestibles t - 2 uncursed food rations J - an uncursed tripe ration R - 2 uncursed pancakes Scrolls g - a blessed scroll of punishment l - an uncursed scroll of enchant weapon o - a cursed scroll of fire A - an uncursed scroll of stinking cloud C - an uncursed scroll of magic mapping E - a blessed scroll of fire Spellbooks b - a blessed spellbook of force bolt c - an uncursed spellbook of detect food y - an uncursed spellbook of invisibility G - an uncursed spellbook of detect monsters Potions I - a potion of holy water L - an uncursed potion of gain ability P - an uncursed potion of sleeping Wands j - an uncursed wand of undead turning (0:5) D - an uncursed wand of undead turning (0:8) F - an uncursed wand of striking (0:7) O - an uncursed wand of secret door detection (0:15) Gems r - an uncursed jasper stone z - an uncursed worthless piece of black glass N - an uncursed worthless piece of yellow glass Spells and supernatural/magical abilities: Name Level Category Fail Memory a - force bolt 1 attack 0% 80% n - detect monsters 1 divination 0% 93% E - detect food 2 divination 65% 80% W - pray for help -- divine ? -- Your skills at the end: Miscellaneous Skills wands [Basic] Weapon Skills dagger [Basic] quarterstaff [Basic] crossbow [Basic] Spellcasting Skills attack spells [Basic] enchantment spells [Basic] Final Attributes: You were devoutly aligned. You were magic-protected. You were telepathic. You had infravision. You are dead. Vanquished creatures: a blue jelly 3 soldier ants 6 Mordor orcs a yellow light a floating eye a kobold lord an iguana 3 rothes a giant bat a gas spore a hobbit 2 large kobolds 6 geckos 8 giant rats a green mold 2 garter snakes a gnome zombie 10 jackals a fox 5 newts a goblin 3 sewer rats 2 grid bugs 5 lichens 67 creatures vanquished. Voluntary challenges: You used a wielded weapon 72 times, starting on turn 2. You did not apply a unicorn horn. You read items or engraved 7 times, starting on turn 407. You never genocided any monsters. You never polymorphed an object. You never changed form. You used no wishes. You never split a pudding. You never wrote Elbereth's name. You never violated your personal moral code. Dungeon overview: The Dungeons of Doom: levels 1 to 6 Level 1 some fountains a long staircase Level 2 a general store, an altar to Thoth a long staircase Level 3 an altar to Ptah, some fountains Level 4 a fountain Level 5 many fountains Level 6 <- You were here History has recorded: On T:1 you entered the Dungeons of Doom to retrieve the Amulet of Yendor! On T:295 you advanced to experience level 2. On T:471 you reached level 2 of The Dungeons of Doom. On T:1087 you advanced to experience level 3. On T:1323 you reached level 3 of The Dungeons of Doom. On T:1402 you received Magicbane from Thoth. On T:1988 you reached level 4 of The Dungeons of Doom. On T:2462 you reached level 5 of The Dungeons of Doom. On T:2651 you advanced to experience level 4. On T:2724 you advanced to experience level 5. On T:3461 you received advice from The Oracle. On T:3461 you advanced to experience level 6. On T:4034 you reached level 6 of The Dungeons of Doom. Score breakdown: Gold: 326 ( 32 points) Experience: 6 levels ( 500 points) Exploration: 6 levels ( 150 points) Discoveries: 5 items ( 250 points) Variety of kills: 24 monsters ( 1200 points) Major goal: (nothing yet) ( 0 points) Survival: died (score multiplied by 3) Total score: 6396 Latest messages: You kill the soldier ant! You slash the soldier ant! The soldier ant bites! The soldier ant stings! The magic-absorbing blade cancels the soldier ant! You kill the soldier ant! You see here a soldier ant corpse. You stop exploring. (3x) The soldier ant bites! The soldier ant stings! You slash the soldier ant! The soldier ant bites! The soldier ant stings! The magic-absorbing blade stuns the soldier ant! The soldier ant is confused. You kill the soldier ant! The spell misses the soldier ant. The soldier ant bites! The soldier ant stings! You die... Final status: Goodbye Frizzbo the Wizard, killed by a soldier ant... You died in The Dungeons of Doom on dungeon level 6 with 6396 points, and 326 pieces of gold, after 4130 moves. You were level 6 with a maximum of 48 hit points when you died.